 Dungeon Sprint DCSS version 0.30-a0-341-g682706514a (webtiles) character file.

Game seed: 13042523191014040719

123 retardedninja the Trooper (level 5, -7/52 HPs)
             Began as a Hill Orc Fighter on Nov 1, 2022.
             Mangled by a neqoxec (9 damage)
             ... in the Dungeon (Sprint II: "The Violet Keep of Menkaure").
             The game lasted 00:00:22 (24 turns).

retardedninja the Trooper (Hill Orc Fighter)          Turns: 24, Time: 00:00:22

Health: -7/52      AC:  7    Str: 21    XL:     5   Next: 7%
Magic:  5/5        EV:  9    Int:  8    God:
Gold:   0          SH:  5    Dex: 10    Spells: 4/4 levels left

rFire   . . .      SeeInvis .    a - +0 war axe
rCold   . . .      Faith    .    c - +0 buckler
rNeg    . . .      Spirit   .    b - +0 scale mail
rPois   .          Reflect  .    (no helmet)
rElec   .          Harm     .    (no cloak)
rCorr   .          Rampage  .    (no gloves)
Will    .....      NoTele   +    (no boots)
Stlth   ..........               (no amulet)
HPRegen 0.28/turn                (no ring)
MPRegen 0.09/turn                (no ring)

@: mighty, on berserk cooldown, hasted and slowed
A: screaming 1
a: no special abilities


You were in the Dungeon.
You visited 1 branch

Inventory:

Hand Weapons
 a - a +0 war axe (weapon)
Armour
 b - a +0 scale mail (worn)
 c - a +0 buckler (worn)
Scrolls
 j - a scroll of blinking
Potions
 e - a potion of curing
 f - a potion of heal wounds
 h - 2 potions of magic


   Skills:
 + Level 7.0 Fighting
 + Level 6.0 Axes
 + Level 6.3 Armour
 + Level 0.7 Dodging
 + Level 6.1 Shields


You had 4 spell levels left.
You didn't know any spells.
Your spell library was empty.

Dungeon Overview and Level Annotations

Branches:
Dungeon (1/1)

Altars:


Innate Abilities, Weirdness & Mutations

You occasionally shout uncontrollably at your foes.


Message History

You closely miss the neqoxec.
The neqoxec is almost dead.
The neqoxec hits you!
* * * LOW HITPOINT WARNING * * *
Unknown command.
You closely miss the neqoxec.
The neqoxec is almost dead.
The neqoxec barely misses you.
Unknown command.
You hit the neqoxec.
You kill the neqoxec!
You feel your intelligence returning.
Your Fighting skill gained 4 levels and is now at level 7!
Your Axes skill gained 4 levels and is now at level 6!
Your Armour skill gained 3 levels and is now at level 6!
Your Shields skill gained 3 levels and is now at level 6!
You have reached level 2!
You have reached level 3!
Your experience leads to an increase in your attributes!
Increase (S)trength, (I)ntelligence, or (D)exterity?
You feel stronger. x2
You have reached level 4!
You have reached level 5!
You feel stronger.
Unknown command.
Unknown command.
Unknown command.
You closely miss the neqoxec. You block the neqoxec's attack.
You closely miss the neqoxec. The neqoxec hits you.
* * * LOW HITPOINT WARNING * * *
Unknown command.
Unknown command.
You slash the neqoxec!
The neqoxec is moderately wounded.
You barely miss the neqoxec.
The neqoxec is moderately wounded.
You are no longer berserk.
You are exhausted.
You feel yourself slow down. The neqoxec hits you!
You die...

##
###
.##..
33.
#3#
##@##
+.<.+
##.##
#+#


You could see 3 neqoxecs.

Vanquished Creatures
  A neqoxec (D)
1 creature vanquished.

Notes
Turn   | Place    | Note
-------+----------+-------------------------------------------
     0 | D        | retardedninja the Hill Orc Fighter began the quest for the
                  | Orb.
     0 | D        | Reached XP level 1. HP: 19/19 MP: 1/1
     5 | D        | Noticed a neqoxec
     5 | D        | Noticed a neqoxec
     5 | D        | Noticed a neqoxec
     5 | D        | Noticed a neqoxec
    17 | D        | Gained mutation: You occasionally shout uncontrollably at
                  | your foes. [a neqoxec]
    20 | D        | Killed a neqoxec
    21 | D        | Reached skill level 7 in Fighting
    21 | D        | Reached XP level 2. HP: 5/34 MP: 2/2
    21 | D        | Reached XP level 3. HP: 6/39 MP: 3/3
    21 | D        | Reached XP level 4. HP: 7/47 MP: 4/4
    21 | D        | Reached XP level 5. HP: 8/52 MP: 5/5
    22 | D        | HP: 3/78 [neqoxec (5)]
    24 | D        | Mangled by a neqoxec

Illustrated notes

Levels and vault maps discovered:
D:        the_violet_keep_of_menkaure [sprint2_stairs_cluster_1,
          sprint2_shoproom, sprint2_temple, sprint2_basic_supplies,
          sprint2_obstacle_4, sprint2_obstacle_1, sprint2_obstacle_3,
          sprint2_obstacle_7, sprint2_obstacle_2, sprint2_timed_cluster_1,
          sprint2_smallroom_cluster_1, sprint2_smallroom_final_cluster_1,
          sprint2_transparent_cluster_1, sprint2_second_timed_cluster_1,
          sprint2_sniper_area_1, sprint2_heavy_combat_area_1,
          sprint2_mutation_trap_area_1, sprint2_forest_area_1,
          sprint2_light_combat_area_1, sprint2_behind_water_1,
          sprint2_near_end_vault_1]

Skill      XL: |  1 |
---------------+----+-----
Fighting       | 7 |  7.0
Axes           | 6 |  6.0
Armour         | 6 |  6.3
Shields        | 6 |  6.1
Dodging        | |  0.7

Action                   |  1- 3 |  4- 6 || total
-------------------------+-------+-------++-------
Melee: War axe           |    12 |     4 ||    16
  Use: Potion            |     3 |       ||     3
Dodge: Dodged            |     4 |       ||     4
Block: Buckler           |       |     1 ||     1

Table legend: (Time is in decaauts)
 A = Elapsed time spent in this place.
 B = Non-inter-level travel time spent in this place.
 C = Inter-level travel time spent in this place.
 D = Time resting spent in this place.
 E = Time spent auto-exploring this place.
 F = Levels seen in this place.
 G = Mean time per level.
                   A        B        C        D        E       F      G
               +--------+--------+--------+--------+--------+-----+--------+
         Total |     21 |     21 |      0 |      0 |      0 |   1 |   21.0 |
       Dungeon |     21 |     21 |      0 |      0 |      0 |   1 |   21.0 |
               +--------+--------+--------+--------+--------+-----+--------+

Top non-repeatable levels by time:
       D: 21 daAuts
